 Dungeon Crawl Stone Soup version 0.23-a0-8-gb809bb7 (webtiles) character file.

38600 Kuinu the Warrior (level 13, -2/128 HPs)
             Began as a Purple Draconian Berserker on Aug 1, 2018.
             Was a High Priest of Trog.
             Slain by a seven-headed hydra (9 damage)
             ... on level 6 of the Lair of Beasts.
             The game lasted 00:45:45 (15499 turns).

Kuinu the Warrior (Purple Draconian Berserker)     Turns: 15499, Time: 00:45:46

Health: -2/128     AC: 21    Str: 27    XL:     13   Next: 64%
Magic:  13/13      EV: 17    Int:  9    God:    Trog [*****.]
Gold:   1000       SH:  0    Dex: 11    Spells: 12/12 levels left

rFire    + + .     SeeInvis .   T - +9 great sword of Fallacy {elec, -Tele rF++}
rCold    . . .     Gourm    +   (shield currently unavailable)
rNeg     . . .     Faith    .   (armour unavailable)
rPois    .         Spirit   .   W - +2 hat
rElec    .         Reflect  .   Y - +2 cloak
rCorr    .         Harm     .   t - +2 pair of gloves
MR       +++..     NoTele   +   H - +2 pair of boots
Stlth    +.........             X - amulet of the gourmand
HPRegen  1.31/turn              j - +4 ring of strength
MPRegen  0.13/turn              v - +2 ring of protection

@: regenerating, studying Axes, very slow
A: breathe power, unfitting armour, cold-blooded, AC +8
a: Breathe Dispelling Energy, Berserk, Trog's Hand, Brothers in Arms, Renounce
Religion


You were on level 6 of the Lair of Beasts.
You worshipped Trog.
Trog was extremely pleased with you.
You were very full.

You visited 3 branches of the dungeon, and saw 20 of its levels.
You also visited: Labyrinth, Sewer and Ossuary.

You collected 1046 gold pieces.
You spent 46 gold pieces at shops.

Inventory:

Hand Weapons
 E - a +4 antimagic great sword
 O - a +0 scimitar of holy wrath
 Q - a +4 scythe of protection
 T - the +9 great sword of Fallacy (weapon) {elec, -Tele rF++}
   (Trog gifted it to you on level 10 of the Dungeon)

   Occasionally, upon striking a foe, it will discharge some electrical energy
   and cause terrible harm.
   It greatly protects you from fire.
   It prevents most forms of teleportation.
 U - a +1 demon blade of venom
 V - the +3 spear "Fahalep" {speed, +Inv Int+2 Dex-5 Stlth+}
   (You found it in a labyrinth)

   Attacks with this weapon are significantly faster.
   It affects your intelligence (+2).
   It affects your dexterity (-5).
   It lets you turn invisible.
   It makes you more stealthy.
Armour
 t - a +2 pair of gloves (worn)
 F - a scarf of repulsion
 H - a +2 pair of boots (worn)
 W - a +2 hat (worn)
 Y - a +2 cloak (worn)
Jewellery
 a - an uncursed ring of ice
 j - a +4 ring of strength (left hand)
 n - an uncursed ring of protection from fire
 r - an uncursed amulet of guardian spirit
 v - a +2 ring of protection (right hand)
 N - an uncursed ring of see invisible
 X - an amulet of the gourmand (around neck)
Wands
 q - a wand of iceblast (13)
 A - a wand of random effects (72)
 K - a wand of paralysis (23)
 L - a wand of polymorph (9)
 P - a wand of flame (47)
 S - a wand of scattershot (2)
Scrolls
 d - a scroll of holy word
 e - 8 scrolls of remove curse
 g - 7 scrolls of fear
 i - 3 scrolls of enchant armour
 l - 4 scrolls of enchant weapon
 m - 10 scrolls of teleportation
 o - 4 scrolls of immolation
 p - 2 scrolls of blinking
 C - 4 scrolls of fog
 D - a scroll of torment {unknown}
 I - 2 scrolls of magic mapping
 M - a scroll of silence {unknown}
Potions
 c - 7 potions of curing
 f - 9 potions of lignification
 h - 9 potions of brilliance
 s - a potion of heal wounds
 u - a potion of ambrosia
 w - 6 potions of flight
 x - 3 potions of mutation
 z - a potion of cancellation {unknown}
 B - a potion of resistance
 J - 2 potions of invisibility {unknown}
 R - 2 potions of berserk rage
Books
 G - a manual of Axes
Miscellaneous
 Z - a fan of gales
Comestibles
 b - 28 rations


   Skills:
 * Level 15.9 Fighting
 * Level 14.8 Long Blades
 + Level 10.3 Dodging


You had 12 spell levels left.
You didn't know any spells.
Your spell library was empty.

Dungeon Overview and Level Annotations

Branches:
Dungeon (13/15)            Temple (1/1) D:7            Lair (6/6) D:11
 Shoals (0/4) Lair:3        Snake (0/4) Lair:2          Orc (0/2) D:11
  Slime: Lair:5-6    Vaults: D:13-14

Altars:
Ashenzari
Cheibriados
Fedhas
Gozag
Makhleb
Okawaru
Qazlal
Trog
Uskayaw

Shops:
D:12 *

Annotations:
D:11 3 runed doors, HydraWiggins's ghost, journeyman GnFi
Lair:1 exclusion: oklob plant


Innate Abilities, Weirdness & Mutations

You can breathe bolts of dispelling energy.
Your rich purple scales are hard. (AC +8)
You cannot fit into any form of body armour.
You are cold-blooded and may be slowed by cold attacks.


Message History

The seven-headed hydra barely misses you.
The seven-headed hydra closely misses you. x2
The seven-headed hydra bites you but does no damage.
The seven-headed hydra misses you. The seven-headed hydra bites you.
The seven-headed hydra bites you!
* * * LOW HITPOINT WARNING * * *
The seven-headed hydra misses you. x2; The seven-headed hydra bites you!
* * * LOW HITPOINT WARNING * * *
The seven-headed hydra bites you!
* * * LOW HITPOINT WARNING * * *
The seven-headed hydra bites you but does no damage.
Your skin crawls.
You feel resistant to hostile enchantments.
You feel somewhat less full.
The seven-headed hydra closely misses you.
The seven-headed hydra bites you!
* * * LOW HITPOINT WARNING * * *
The seven-headed hydra bites you but does no damage.
The seven-headed hydra bites you!
You die...

##...........
......%...P.# ≈.
........P.#.# ≈.≈
#P.........# ≈.≈≈
####...(.†.<.P### ≈.≈≈♣
♣♣≈#..............
≈[≈≈≈♣♣♣≈♣..♣♣♣♣P..<.....
≈.≈≈P≈≈≈P≈≈P≈≈≈≈≈♣.....P.
≈.≈≈≈≈P≈@≈P≈≈PP≈≈≈♣......
≈.≈≈≈≈≈≈D≈≈P≈≈≈≈≈P≈♣.....
.........................
..≈≈≈P≈≈P≈≈≈≈≈≈P≈P≈P.....
..≈≈♣≈≈≈≈♣♣♣♣≈≈P≈≈≈P.....
..PP≈♣♣♣≈♣ ♣PP≈≈P≈.PP...
...P≈ ≈.. ♣P≈♣♣♣......
.... .... .... ...... ...
............ ......


You could see a seven-headed hydra.

Vanquished Creatures
  A minotaur (Lab)
  3 hydras
  4 two-headed ogres
  2 unseen horrors (D:11)
  A manticore (Lair:3)
  4 ugly things
  A cyclops (D:11)
  Maurice (D:12)
  4 black mambas
  2 minotaur zombies (Lab)
  4 spiny frogs
  A rime drake (Lair:2)
  3 komodo dragons
  Prince Ribbit (D:9)
  Grinder (D:3)
  A hornet (D:11)
  9 blink frogs
  9 hippogriffs
  12 dream sheep
  A tarantella (shapeshifter) (D:11)
  A vampire (D:10)
  Eustachio (D:4)
  29 yaks
  A spriggan (D:9)
  A steam dragon (D:11)
  A basilisk (Lair:4)
  A hungry ghost (D:8)
  2 nagas (Lair:2)
  A warg (D:11)
  11 porcupines
  10 water moccasins
  Duvessa (D:6)
  Purgy (Sewer)
  7 orc warriors
  An eye of draining (D:11)
  3 ice beasts
  5 phantoms
  2 sky beasts
  2 necrophages
  A black bear (Lair:4)
  6 ogres
  11 wolves
  6 centaurs
  9 crocodiles
  4 big kobolds
  20 bullfrogs
  A gnoll sergeant (D:8)
  A wyvern skeleton (D:11)
  Dowan (D:6)
  10 scorpions
  9 killer bees
  A howler monkey (D:8)
  9 wights
  3 electric eels
  4 centaur zombies
  9 crimson imps
  3 jellies
  4 hounds
  A human zombie (Ossuary)
  19 orc wizards
  8 orc priests
  3 bullfrog skeletons
  4 centaur skeletons
  5 iguanas
  12 worker ants
  5 big kobold zombies (Ossuary)
  A hound skeleton (D:4)
  3 mummies (Ossuary)
  A worker ant zombie (D:8)
  Robin (D:3)
  6 gnolls (D:8)
  7 adders
  2 scorpion zombies (Ossuary)
  A shadow imp (D:6)
  6 worms
  2 dart slugs (D:2)
  11 leopard geckos
  44 orcs
  7 bats
  10 giant cockroaches
  15 goblins
  10 hobgoblins
  18 jackals
  5 quokkas
  A ball python (D:1)
  3 frilled lizards
  A goblin zombie (Ossuary)
  A jackal skeleton (D:7)
  34 kobolds
  4 kobold zombies (Ossuary)
  An orc zombie (Ossuary)
  A quokka skeleton (D:7)
  7 rats
518 creatures vanquished.

Vanquished Creatures (collateral kills)
  A hydra (Lair:4)
  Joseph (D:7)
  A necrophage (D:7)
3 creatures vanquished.

Vanquished Creatures (others)
  A fungus (Lair:4)
1 creature vanquished.

Grand Total: 522 creatures vanquished

Notes
Turn   | Place    | Note
-------+----------+-------------------------------------------
     0 | D:1      | Kuinu the Draconian Berserker began the quest for the Orb.
     0 | D:1      | Reached XP level 1. HP: 19/19 MP: 1/1
   120 | D:1      | Reached XP level 2. HP: 25/26 MP: 2/2
   342 | D:1      | Reached ** piety under Trog
   633 | D:1      | Reached XP level 3. HP: 32/33 MP: 3/3
   844 | D:2      | Reached skill level 4 in Fighting
  1631 | D:3      | Reached XP level 4. HP: 36/40 MP: 4/4
  1683 | D:3      | Noticed Grinder
  1692 | D:3      | Paralysed by Grinder for 3 turns
  1707 | D:3      | Paralysed by Grinder for 6 turns
  1728 | D:3      | Paralysed by Grinder for 2 turns
  1739 | D:3      | Killed Grinder
  1739 | D:3      | Reached skill level 5 in Fighting
  1739 | D:3      | Reached XP level 5. HP: 15/48 MP: 5/5
  1739 | D:3      | Reached XP level 6. HP: 18/56 MP: 6/6
  1755 | D:3      | Noticed Robin
  1796 | D:3      | Killed Robin
  1849 | D:3      | Reached skill level 5 in Long Blades
  1941 | D:3      | Noticed an orc warrior
  1955 | D:3      | HP: 3/85 [orc warrior/battleaxe of chopping (2)]
  1962 | D:3      | Killed an orc warrior
  1962 | D:3      | Reached skill level 6 in Fighting
  2560 | D:3      | Found a blossoming altar of Fedhas.
  2718 | D:4      | Your scales start taking on a rich purple colour.
  2718 | D:4      | Reached XP level 7. HP: 44/63 MP: 7/7
  2719 | D:4      | Reached *** piety under Trog
  2734 | D:4      | Found a glowing drain.
  2847 | Sewer    | Entered a sewer
  2899 | Sewer    | Noticed Purgy
  2910 | Sewer    | Killed Purgy
  3517 | D:4      | Noticed Eustachio
  3544 | D:4      | Killed Eustachio
  3544 | D:4      | Reached skill level 7 in Fighting
  3954 | D:5      | Entered Level 5 of the Dungeon
  4019 | D:5      | Reached XP level 8. HP: 54/73 MP: 8/8
  4852 | D:5      | Reached skill level 5 in Dodging
  5320 | D:6      | Found a sand-covered staircase.
  5384 | D:6      | Reached skill level 8 in Fighting
  5562 | D:6      | Reached **** piety under Trog
  5562 | D:6      | Noticed Dowan
  5568 | D:6      | Noticed Duvessa
  5579 | D:6      | Killed Dowan
  5584 | D:6      | Killed Duvessa
  5741 | Ossuary  | Entered an ossuary
  5828 | Ossuary  | Reached XP level 9. HP: 66/82 MP: 9/9
  5889 | Ossuary  | Reached skill level 9 in Fighting
  6677 | D:7      | Noticed Joseph
  6704 | D:7      | Killed Joseph
  6704 | D:7      | Reached skill level 10 in Fighting
  7014 | D:7      | Found a staircase to the Ecumenical Temple.
  7028 | Temple   | Entered the Ecumenical Temple
  7108 | D:8      | Reached XP level 10. HP: 94/94 MP: 10/10
  7326 | D:8      | Reached ***** piety under Trog
  7460 | D:8      | Reached skill level 10 in Long Blades
  7719 | D:8      | Reached skill level 11 in Fighting
  8235 | D:9      | Noticed Prince Ribbit
  8255 | D:9      | Killed Prince Ribbit
  8314 | D:9      | Found a snail-covered altar of Cheibriados.
  9032 | D:10     | Entered Level 10 of the Dungeon
  9054 | D:10     | Received a gift from Trog
  9075 | D:10     | Got a jewelled great sword {god gift}
  9099 | D:10     | Identified the +9 great sword of Fallacy {elec, -Tele rF++} (Trog gifted it to you on level 10 of the Dungeon)
  9411 | D:10     | Noticed a two-headed ogre
  9417 | D:10     | Killed a two-headed ogre
  9417 | D:10     | Reached skill level 12 in Fighting
  9417 | D:10     | Reached XP level 11. HP: 80/104 MP: 11/11
  9474 | D:11     | Noticed an unseen horror
  9492 | D:11     | Killed an unseen horror
  9722 | D:11     | Found a runed gate.
  9723 | D:11     | Noticed a shining eye
  9723 | D:11     | Noticed HydraWiggins's ghost (journeyman GnFi)
  9724 | D:11     | Found a runed gate.
  9724 | D:11     | Found a runed gate.
  9724 | D:11     | Noticed a glowing shapeshifter
  9724 | D:11     | a shining eye changed into a glowing shapeshifter
  9733 | D:11     | Noticed an unseen horror
  9733 | D:11     | a tarantella changed into an unseen horror
  9740 | D:11     | an unseen horror changed into a troll
  9776 | D:11     | Paralysed by a hornet for 2 turns
  9824 | D:11     | Noticed a four-headed hydra
  9831 | D:11     | Noticed an unseen horror
  9832 | D:11     | Killed a seven-headed hydra
  9833 | D:11     | Killed an unseen horror
  9836 | D:11     | Noticed a white ugly thing
  9843 | D:11     | Killed a white ugly thing
  9848 | D:11     | Found a burning altar of Makhleb.
  9913 | D:11     | Noticed a two-headed ogre
  9917 | D:11     | Killed a two-headed ogre
  9917 | D:11     | Reached skill level 13 in Fighting
  9962 | D:11     | Noticed a white ugly thing
  9968 | D:11     | Killed a white ugly thing
 10001 | D:11     | Found a staircase to the Orcish Mines.
 10086 | D:11     | Noticed a two-headed ogre
 10095 | D:11     | Killed a two-headed ogre
 10105 | D:11     | Found a staircase to the Lair.
 10192 | D:11     | Noticed a death drake
 10192 | D:11     | a snapping turtle changed into a death drake
 10195 | D:11     | a death drake changed into a manticore
 10198 | D:11     | Noticed a mana viper
 10198 | D:11     | a komodo dragon changed into a mana viper
 10491 | D:12     | Reached XP level 12. HP: 115/115 MP: 12/12
 10750 | D:12     | Noticed Maurice
 10756 | D:12     | Killed Maurice
 10756 | D:12     | Received a gift from Trog
 10777 | D:12     | Found a labyrinth entrance.
 10779 | D:12     | Found Cohetiq's Assorted Antiques.
 10784 | Lab      | Entered a labyrinth
 10941 | Lab      | Noticed a minotaur
 10949 | Lab      | Killed a minotaur
 10987 | Lab      | Got a steaming spear
 10988 | Lab      | Identified the cursed +3 spear "Fahalep" {speed, +Inv Int+2 Dex-5 Stlth+} (You found it in a labyrinth)
 11069 | D:12     | Bought a scroll of identify for 46 gold pieces
 11133 | D:13     | Noticed a two-headed ogre
 11143 | D:13     | Killed a two-headed ogre
 11143 | D:13     | Reached skill level 14 in Fighting
 11401 | Lair:1   | Entered Level 1 of the Lair of Beasts
 11972 | Lair:1   | Found a hide-covered altar of Uskayaw.
 12675 | Lair:2   | Found a staircase to the Snake Pit.
 13083 | Lair:3   | Noticed a six-headed hydra
 13091 | Lair:3   | Killed an eight-headed hydra
 13237 | Lair:3   | Found a staircase to the Shoals.
 13244 | Lair:3   | Reached skill level 15 in Fighting
 13244 | Lair:3   | Reached XP level 13. HP: 118/126 MP: 13/13
 13968 | Lair:4   | Reached skill level 10 in Dodging
 14110 | Lair:4   | Found a burning altar of Makhleb.
 15465 | Lair:6   | Entered Level 6 of the Lair of Beasts
 15499 | Lair:6   | Slain by a seven-headed hydra

Vault maps used:
D:1:      saegor_arrival_simple_c, grunt_decor_arrowhead
D:3:      first_ration, fedhas_altar_4, uniq_grinder, uniq_robin
D:4:      gup_sewer_entry_pipe, uniq_eustachio
D:6:      nicolae_ossuary_entry_ruins, uniq_duvessa
D:7:      minmay_temple_entry_fiery, uniq_joseph
D:8:      minmay_misc_feat_cross
D:9:      cheibriados_altar_1, the_bakery, uniq_prince_ribbit1
D:11:     erik_lair_orcish_takeover, orc_0_dummy, gammafunk_ghost_split,
          minmay_ruined_shrine
D:12:     lab_entry_generic, serial_shops, shop, uniq_maurice
Temple:   nicolae_temple_the_god_donut
Lair:1:   lemuel_oklob_altar
Lair:2:   minmay_snake_entry_guardpost_small
Lair:3:   minmay_shoals_entry_beasts, serial_forest, infiniplex_forest_lined_2,
          infiniplex_forest_straight_2, infiniplex_forest_clump_double,
          infiniplex_forest_lined_room_2, infiniplex_forest_straight_4,
          infiniplex_forest_clump_double, infiniplex_forest_clump_tiny,
          lemuel_fruit_fields
Lair:4:   basic_altar, grunt_megastairs_1, infiniplex_staircase_pool
Lair:5:   cheibrodos_lair_river_kwai
Lair:6:   evil_forest, slime_dummy, serial_bayou_lagoon_b
Lab:      labyrinth_hidden_loot, lab_hedge, nicolae_lab_blocks,
          nicolae_lab_flowing_pool, nicolae_lab_do_over
Sewer:    sewer_the_crocodile
Ossuary:  ossuary_minmay_scorpions

Skill      XL: |  1  2  3  4  5  6  7  8  9 10 11 12 13 |
---------------+----------------------------------------+-----
Dodging        | 3 4 5 6 7 8 9 10 | 10.3
Fighting       | 4 5 6 7 8 10 12 13 15 | 15.9
Long Blades    | 4 5 6 8 9 11 12 13 14 | 14.8

Action                   |  1- 3 |  4- 6 |  7- 9 | 10-12 | 13-15 || total
-------------------------+-------+-------+-------+-------+-------++-------
Melee: Falchion          |   114 |       |       |       |       ||   114
       Tailslap          |    16 |    13 |    81 |    74 |    18 ||   202
       Quarterstaff      |       |    93 |       |       |       ||    93
       Battleaxe         |       |    36 |   353 |       |       ||   389
       Short sword       |       |       |   151 |   289 |       ||   440
       Scimitar          |       |       |       |    20 |       ||    20
       Great sword       |       |       |       |   274 |   140 ||   414
Invok: Trog's Hand       |       |     3 |    10 |     9 |     9 ||    31
       Berserk           |       |     3 |     6 |    20 |     4 ||    33
       Brothers in Arms  |       |       |     1 |     1 |     1 ||     3
 Abil: Breathe Dispellin |       |       |     4 |     1 |       ||     5
Evoke: Wand              |       |       |       |     3 |       ||     3
  Use: Scroll            |     6 |     2 |    14 |    15 |     3 ||    40
       Potion            |       |     5 |     1 |     1 |     1 ||     8
 Stab: Sleeping          |       |       |       |     2 |       ||     2
  Eat: Chunk             |     2 |     8 |    22 |    47 |    14 ||    93
       Ration            |       |       |     1 |     3 |       ||     4
Armor: Skin              |    39 |    50 |   257 |   223 |   106 ||   675
Dodge: Dodged            |    78 |    99 |   547 |   423 |   202 ||  1349
       Deflected         |       |       |     1 |    10 |       ||    11
       Rpst.: Falchion   |    27 |       |       |       |       ||    27
       Great sword       |       |       |       |    60 |    32 ||    92
       Scimitar          |       |       |       |     2 |       ||     2

Table legend:
 A = Spawn XP
 B = Non-spawn XP
 C = Spawn XP percentage of total XP
 D = Spawn monster count
 E = Non-spawn monster count
 F = Spawn count percentage of total count
 G = Total turns spent on level
                    A         B        C        D         E        F      G
               +---------+---------+-------+---------+---------+-------+---------
         Total |       0 |   55144 |   0.0 |       0 |     521 |   0.0 | 15499
               +---------+---------+-------+---------+---------+-------+---------
           D:1 |       0 |      43 |   0.0 |       0 |      26 |   0.0 |   827
           D:2 |       0 |      43 |   0.0 |       0 |      16 |   0.0 |   626
           D:3 |       0 |     607 |   0.0 |       0 |      43 |   0.0 |  1203
           D:4 |       0 |     521 |   0.0 |       0 |      31 |   0.0 |  1187
           D:5 |       0 |     529 |   0.0 |       0 |      16 |   0.0 |  1366
           D:6 |       0 |    1342 |   0.0 |       0 |      41 |   0.0 |   809
           D:7 |       0 |    1132 |   0.0 |       0 |      26 |   0.0 |   521
           D:8 |       0 |    2179 |   0.0 |       0 |      46 |   0.0 |  1008
           D:9 |       0 |    2163 |   0.0 |       0 |      30 |   0.0 |   940
          D:10 |       0 |    2051 |   0.0 |       0 |      17 |   0.0 |   428
          D:11 |       0 |    8716 |   0.0 |       0 |      42 |   0.0 |   815
          D:12 |       0 |    3221 |   0.0 |       0 |      16 |   0.0 |   672
          D:13 |       0 |    1756 |   0.0 |       0 |       5 |   0.0 |   177
        Lair:1 |       0 |    3929 |   0.0 |       0 |      21 |   0.0 |   903
        Lair:2 |       0 |    2964 |   0.0 |       0 |      15 |   0.0 |   659
        Lair:3 |       0 |    5564 |   0.0 |       0 |      26 |   0.0 |   822
        Lair:4 |       0 |    6704 |   0.0 |       0 |      30 |   0.0 |   558
        Lair:5 |       0 |    7553 |   0.0 |       0 |      30 |   0.0 |  1122
        Lair:6 |       0 |    1039 |   0.0 |       0 |       7 |   0.0 |    34
           Lab |       0 |    1999 |   0.0 |       0 |       3 |   0.0 |   277
         Sewer |       0 |     146 |   0.0 |       0 |       6 |   0.0 |   111
       Ossuary |       0 |     943 |   0.0 |       0 |      28 |   0.0 |   424
               +---------+---------+-------+---------+---------+-------+---------
